 Dungeon Crawl Stone Soup version 0.30.0-10-gfe55d96785 (webtiles) character file.

Game seed: 16249259576954732478

3679 voltaire321 the Cleaver (level 10, -4/90 HPs)
             Began as a Hill Orc Fighter on May 13, 2023.
             Slain by a hornet (7 damage)
             ... while paralysed by a hornet
             ... on level 7 of the Dungeon.
             The game lasted 00:18:14 (7913 turns).

voltaire321 the Cleaver (Hill Orc Fighter)          Turns: 7913, Time: 00:18:15

Health: -4/90      AC:  9    Str: 27    XL:     10   Next: 13%
Magic:  10/10      EV:  2    Int: 14    God:
Gold:   431        SH:  0    Dex:  9    Spells: 9/9 levels left

rFire   . . .        a - +1 war axe
rCold   + . .        c - +0 buckler
rNeg    . . .        b - +0 scale mail
rPois   .            (no helmet)
rElec   .            t - +0 cloak
rCorr   .            (no gloves)
SInv    .            (no boots)
Will    .....        (no amulet) Stlth
                     v - +6 ring of strength
HPRegen 0.35/turn    (no ring)
MPRegen 0.12/turn

%: no passive effects
@: paralysed, lethally poisoned (-4 -> -25), slowed
A: clever 1, cold resistance 1
a: no special abilities


You were on level 7 of the Dungeon.
You visited 1 branch of the dungeon, and saw 7 of its levels.
You also visited: Sewer.

You collected 431 gold pieces.

Inventory:

Hand Weapons
 a - a +1 war axe (weapon)
Missiles
 i - 3 boomerangs (quivered)
 z - 2 throwing nets
 A - 17 poisoned darts
Armour
 b - a +0 scale mail (worn)
 c - a +0 buckler (worn)
 f - +0 steam dragon scales
 t - a +0 cloak (worn)
Jewellery
 v - a +6 ring of strength (left hand)
 D - a ring of protection from fire
Wands
 s - a wand of paralysis (10)
Scrolls
 e - a scroll of summoning {unknown}
 g - 2 scrolls of amnesia {unknown}
 j - 2 scrolls of brand weapon {unknown}
 m - a scroll of fog {unknown}
 n - 4 scrolls of teleportation
 o - a scroll of identify
 q - 3 scrolls of enchant weapon
 r - a scroll of torment {unknown}
 u - a scroll of noise {unknown}
 w - a scroll of vulnerability {unknown}
 x - a scroll of fear {unknown}
 y - a scroll of enchant armour {unknown}
Potions
 d - a potion of might
 h - 2 potions of heal wounds
 k - a potion of cancellation
 l - a potion of magic
 p - a potion of brilliance
 B - a potion of flight
 C - a potion of invisibility {unknown}


   Skills:
 + Level 8.6 Fighting
 + Level 8.8 Axes
 + Level 7.8 Armour
 - Level 5.0 Dodging
 + Level 7.8 Shields


You had 9 spell levels left.
You didn't know any spells.
Your spell library contained the following spells:

 Spells                   Type           Power      Damage    Failure   Level
 Cigotuvi's Dreadful Rot  Necr/Pois/Air  0%         N/A       71%         2
 Frozen Ramparts          Ice            0%         1d1       90%         3
 Inner Flame              Hex/Fire       0%         N/A       90%         3
 Vhi's Electric Charge    Tloc/Air       0%         N/A       90%         3
 Dispel Undead            Necr           0%         3d6       100%        4
 Flame Wave               Conj/Fire      0%         2d4       100%        4
 Ice Form                 Ice/Tmut       0%         N/A       100%        4
 Sticky Flame             Conj/Fire      0%         2d3       100%        4
 Summon Ice Beast         Ice/Summ       0%         N/A       100%        4
 Arcjolt                  Conj/Air       0%         1d10      100%        5
 Death Channel            Necr           0%         N/A       100%        6
 Plasma Beam              Fire/Air       0%         2x1d11    100%        6


Dungeon Overview and Level Annotations

Branches:
Dungeon (7/15)             Temple (0/1) D:5           Sewer (visited)

Altars:
Okawaru
Qazlal
Ru
Sif Muna
Trog
Yredelemnul

Shops:
D:5 (*([

Annotations:
D:6 1 runed translucent door


Innate Abilities, Weirdness & Mutations

Your mind is acute. (Int +4, Str/Dex -1)
Your flesh is cold resistant. (rC+)


Message History

You closely miss the hornet.
The hornet is moderately wounded.
You feel very sick. The hornet stings you.
You feel as though you will be slow longer.
You block the hornet's attack.
You slice the hornet!!
The hornet is severely wounded.
You feel sick. The hornet stings you.
You are more poisoned.
You feel as though you will be slow longer.
The hornet stings you!
You are more poisoned.
You feel as though you will be slow longer.
The hornet barely misses you.
You hit the hornet but do no damage.
The hornet is severely wounded.
You feel extremely sick. The hornet stings you.
* * * LOW HITPOINT WARNING * * *
You are lethally poisoned!
You feel as though you will be slow longer.
You block the hornet's attack.
You hit the hornet.
The hornet is almost dead.
* * * LOW HITPOINT WARNING * * *
You feel extremely sick. The hornet barely misses you.
You block the hornet's attack.
You feel much better.
You feel extremely sick. The hornet stings you.
* * * LOW HITPOINT WARNING * * *
You are lethally poisoned!
You suddenly lose the ability to move!
The hornet stings you!
* * * LOW HITPOINT WARNING * * *
You feel as though you will be slow longer.
* * * LOW HITPOINT WARNING * * *
You feel extremely sick. The hornet stings you!
You die...

...........+
...........#
...........#
...........############
.....####.............#
.....# #.............#
.....# +.............#
.....####........y....#
###.............@##+##
..#..............'...#
..#..............#...#
'##..............#####
.####+###'##+#........#
.............'........#
............)#........#
###'#######..#........#
#..######..##########


You could see a hornet.

Vanquished Creatures
  A hornet (D:7)
  The ghost of SnakkuSnakku7 the Skirmisher, an amateur DETm (D:3)
  6 humans
  A steam dragon (D:6)
  Menkaure (D:4)
  An acid dragon (D:6)
  2 water moccasins (D:6)
  A black bear (D:6)
  2 ice beasts
  An ogre (D:6)
  2 bullfrogs
  A gnoll sergeant (D:7)
  A kobold brigand (D:7)
  8 scorpions
  6 hounds
  An orc priest (D:5)
  A gnoll bouda (D:7)
  3 jellies
  3 iguanas
  3 orc wizards
  A sleepcap (D:4)
  A hell rat (Sewer)
  A hound zombie (D:3)
  Robin (D:2)
  2 adders
  7 gnolls (D:7)
  3 river rats (Sewer)
  2 white imps (D:6)
  An ufetubus (D:4)
  2 worms (D:2)
  3 dart slugs
  30 orcs
  3 bats
  7 endoplasms
  11 giant cockroaches
  13 goblins
  18 hobgoblins
  4 jackals (D:5)
  A quokka (D:1)
  9 ball pythons
  A ball python zombie (D:3)
  3 frilled lizards
  A jackal zombie (D:3)
  9 kobolds
  A quokka zombie (D:3)
  10 rats
  A butterfly (D:6)
192 creatures vanquished.

Notes
Turn   | Place    | Note
-------+----------+-------------------------------------------
     0 | D:1      | voltaire321 the Hill Orc Fighter began the quest for the
                  | Orb.
     0 | D:1      | Reached XP level 1. HP: 19/19 MP: 1/1
    62 | D:1      | Reached XP level 2. HP: 27/27 MP: 2/2
   328 | D:1      | Reached XP level 3. HP: 32/33 MP: 3/3
   988 | D:2      | Reached skill level 1 in Dodging
  1014 | D:2      | Noticed Robin
  1035 | D:2      | Killed Robin
  1036 | D:2      | Reached XP level 4. HP: 19/40 MP: 4/4
  1607 | D:3      | Noticed SnakkuSnakku7's ghost (amateur DETm)
  1611 | D:3      | Found a runed translucent door.
  1640 | D:3      | Killed SnakkuSnakku7's ghost
  1641 | D:3      | Reached XP level 5. HP: 13/47 MP: 5/5
  1641 | D:3      | Reached XP level 6. HP: 15/55 MP: 6/6
  1816 | D:3      | Found a faded altar of an unknown god.
  1950 | D:3      | Found an iron altar of Okawaru.
  1951 | D:3      | Found a basalt altar of Yredelemnul.
  2357 | D:4      | Found a sacrificial altar of Ru.
  2434 | D:4      | Reached skill level 5 in Fighting
  2653 | D:4      | Reached XP level 7. HP: 61/61 MP: 7/7
  2985 | D:4      | Noticed Menkaure
  2991 | D:4      | Killed Menkaure
  2992 | D:4      | Reached skill level 5 in Axes
  2992 | D:4      | Reached skill level 5 in Armour
  3207 | D:4      | Reached skill level 5 in Shields
  3363 | D:5      | Entered Level 5 of the Dungeon
  3467 | D:5      | Found Jezxepom's Armour Shoppe.
  3572 | D:5      | Found a shimmering blue altar of Sif Muna.
  3582 | D:5      | Found Koahysoi's Weapon Emporium.
  3608 | D:5      | Found a staircase to the Ecumenical Temple.
  3620 | D:5      | Found Leaduweo's Antique Armour Shop.
  3645 | D:5      | Reached XP level 8. HP: 56/70 MP: 8/8
  3699 | D:5      | Found Vefoo's Antique Weapon Emporium.
  3778 | D:5      | Found a glowing drain.
  3791 | Sewer    | Entered a sewer
  4743 | D:5      | Found Wymmodaami's Assorted Antiques.
  5401 | D:6      | Found a runed translucent door.
  5403 | D:6      | Found a runed translucent door.
  5426 | D:6      | Reached XP level 9. HP: 17/79 MP: 9/9
  5434 | D:6      | HP: 3/79 [poisoned by a scorpion]
  5435 | D:6      | HP: 1/79 [poisoned by a scorpion]
  5436 | D:6      | Gained mutation: You are weak. (Str -2) [potion of
                  | mutation]
  5436 | D:6      | Gained mutation: You occasionally lose the ability to read
                  | scrolls when taking damage. [potion of mutation]
  5436 | D:6      | Gained mutation: You expend magic power (3 MP) to
                  | strengthen your wands. [potion of mutation]
  5436 | D:6      | Gained mutation: You are robust. (+10% HP) [potion of
                  | mutation]
  5851 | D:6      | Found a bloodstained altar of Trog.
  6717 | D:6      | Lost mutation: You are weak. (Str -2) [potion of mutation]
  6717 | D:6      | Lost mutation: You are robust. (+10% HP) [potion of
                  | mutation]
  6717 | D:6      | Lost mutation: You occasionally lose the ability to read
                  | scrolls when taking damage. [potion of mutation]
  6717 | D:6      | Gained mutation: Your natural rate of healing is unusually
                  | fast. [potion of mutation]
  6717 | D:6      | Gained mutation: You occasionally shout uncontrollably at
                  | your foes. [potion of mutation]
  6717 | D:6      | Gained mutation: You are frail. (-10% HP) [potion of
                  | mutation]
  6854 | D:6      | Lost mutation: You are frail. (-10% HP) [potion of
                  | mutation]
  6854 | D:6      | Lost mutation: Your natural rate of healing is unusually
                  | fast. [potion of mutation]
  6854 | D:6      | Gained mutation: Your magical capacity is low. (-10% MP)
                  | [potion of mutation]
  6854 | D:6      | Gained mutation: You are strong-willed. (Will+) [potion of
                  | mutation]
  6854 | D:6      | Lost mutation: You are strong-willed. (Will+) [potion of
                  | mutation]
  6855 | D:6      | Lost mutation: Your magical capacity is low. (-10% MP)
                  | [potion of mutation]
  6855 | D:6      | Lost mutation: You occasionally shout uncontrollably at
                  | your foes. [potion of mutation]
  6855 | D:6      | Lost mutation: You expend magic power (3 MP) to strengthen
                  | your wands. [potion of mutation]
  6855 | D:6      | Gained mutation: You are occasionally teleported next to
                  | monsters. [potion of mutation]
  6855 | D:6      | Gained mutation: You have a pair of small antennae on your
                  | head. [potion of mutation]
  6856 | D:6      | Lost mutation: You are occasionally teleported next to
                  | monsters. [potion of mutation]
  6856 | D:6      | Lost mutation: You have a pair of small antennae on your
                  | head. [potion of mutation]
  6856 | D:6      | Gained mutation: Your mind is acute. (Int +4, Str/Dex -1)
                  | [potion of mutation]
  6856 | D:6      | Gained mutation: Your flesh is cold resistant. (rC+)
                  | [potion of mutation]
  7211 | D:7      | Reached skill level 5 in Dodging
  7218 | D:7      | Reached XP level 10. HP: 64/88 MP: 10/10
  7642 | D:7      | Found a stormy altar of Qazlal.
  7902 | D:7      | Paralysed by a hornet for 1 turns
  7912 | D:7      | Paralysed by a hornet for 3 turns
  7913 | D:7      | HP: 3/90 [poisoned by a hornet]
  7913 | D:7      | Slain by a hornet

Illustrated notes

Levels and vault maps discovered:
D:1:      sevenhm_arrival_forest_fort_large_4, layout_rooms, minmay_vboxes
D:2:      layout_loops_ring, uniq_robin
D:3:      layout_rooms, mainiacjoe_overflow_alcove_1,
          nicolae_yredelemnul_corpse_copse, nicolae_ecumenical_lake_church,
          hellmonk_ghost_happy_afterlife
D:4:      layout_loops_ring, nicolae_ru_sacrificial_ziggurat,
          hangedman_abyss_or_decor_slice, uniq_menkaure
D:5:      layout_basic, nicolae_sif_muna_condensation, minmay_temple_entry_tees,
          serial_shops, shop, nicolae_shop_crystal, nicolae_shop_behind_doors,
          shop, nicolae_shop_tiny_waterfront, portal_sewer_entry_d
D:6:      lemuel_insect_pit, layout_basic, amcnicky_altar_gilded,
          minmay_ruffians
D:7:      layout_gridville, lemuel_tele_altar, nicolae_uskayaw_dance_studio

Skill      XL: |  1  2  3  4  5  6  7  8  9 |
---------------+----------------------------+-----
Axes           | 3 4 5 6 8 |  8.8
Fighting       | 4 5 7 8 |  8.6
Dodging        | 1 2 3 5 |  5.0
Armour         | 4 5 6 7 |  7.8
Shields        | 4 5 6 7 |  7.8

Action                     |  1- 3 |  4- 6 |  7- 9 | 10-12 || total
---------------------------+-------+-------+-------+-------++-------
  Melee: War axe           |    89 |   167 |   319 |    47 ||   622
  Throw: Boomerang         |       |       |     5 |     4 ||     9
    Use: Scroll            |       |       |     7 |       ||     7
         Potion            |       |       |    13 |     1 ||    14
 Armour: Scale mail        |    42 |    95 |   124 |    22 ||   283
  Dodge: Dodged            |    53 |    98 |   199 |    27 ||   377
  Block: Buckler           |    25 |    37 |    95 |    20 ||   177
